[Event "FICS rated blitz game"]
[Site "FICS freechess.org"]
[FICSGamesDBGameNo "20002618"]
[White "marcopar"]
[Black "Itzik"]
[WhiteElo "1397"]
[BlackElo "1436"]
[WhiteRD "na"]
[BlackRD "na"]
[TimeControl "240+4"]
[Date "1999.10.14"]
[Time "07:35:00"]
[WhiteClock "0:04:00.000"]
[BlackClock "0:04:00.000"]
[ECO "B38"]
[PlyCount "83"]
[Result "1-0"]

1. e4 c5 2. Nf3 d6 3. d4 cxd4 4. Nxd4 Nf6 5. f3 Nc6 6. Be3 g6 7. c4 Bg7 8. Be2 O-O 9. O-O Bd7 10. Nc3 a6 11. a3 Rc8 12. b4 Ne5 13. Qb3 Qc7 14. Rac1 e6 15. Na4 Bxa4 16. Qxa4 Qd7 17. Qb3 Nc6 18. Nxc6 Qxc6 19. c5 d5 20. exd5 Nxd5 21. Bf2 Nf4 22. Bc4 Rfd8 23. Bg3 Nd5 24. Bd6 Bh6 25. Rcd1 Ne3 26. Rfe1 Nxd1 27. Rxd1 Bg7 28. Kf2 Bf8 29. Bxe6 fxe6 30. Qxe6+ Kh8 31. Be5+ Bg7 32. Bxg7+ Kxg7 33. Qe7+ Kh6 34. Rxd8 Rxd8 35. Qxd8 Qe6 36. Qd3 Qe5 37. Qe3+ Qxe3+ 38. Kxe3 Kg5 39. a4 Kf6 40. Ke4 Ke6 41. g4 h6 42. h4 {Black forfeits on time} 1-0

[Event "FICS rated blitz game"]
[Site "FICS freechess.org"]
[FICSGamesDBGameNo "20002617"]
[White "wert"]
[Black "moridin"]
[WhiteElo "1690"]
[BlackElo "1711"]
[WhiteRD "na"]
[BlackRD "na"]
[TimeControl "300+0"]
[Date "1999.10.14"]
[Time "06:55:00"]
[WhiteClock "0:05:00.000"]
[BlackClock "0:05:00.000"]
[ECO "D44"]
[PlyCount "96"]
[Result "1-0"]

1. d4 d5 2. c4 e6 3. Nc3 c6 4. Nf3 Nf6 5. Bg5 dxc4 6. e4 b5 7. e5 h6 8. Bh4 g5 9. Nxg5 hxg5 10. Bxg5 Nbd7 11. exf6 Bb7 12. g3 a5 13. Bg2 b4 14. Ne4 Bh6 15. Qd2 Bxg5 16. Qxg5 Nb6 17. Rd1 Nd5 18. O-O Qd7 19. Nc5 Qc7 20. Bxd5 cxd5 21. Rfe1 O-O-O 22. Qe5 Qxe5 23. Rxe5 Kc7 24. h4 Bc6 25. Kg2 a4 26. Rh1 Ra8 27. h5 a3 28. b3 cxb3 29. axb3 Bb5 30. Rg5 Ra7 31. Rg7 Kb6 32. g4 Kc6 33. Nxe6 Kd6 34. Nc5 Re8 35. h6 a2 36. Ra1 Rh8 37. g5 Be2 38. f4 Bg4 39. Kg3 Bf5 40. g6 Bxg6 41. Kg4 Rxh6 42. f5 Bh5+ 43. Kg5 Rh8 44. Nd3 Be2 45. Nxb4 Bd1 46. Rxa2 Rxa2 47. Nxa2 Bxb3 48. Nc3 Rf8 {Black resigns} 1-0

[Event "FICS rated blitz game"]
[Site "FICS freechess.org"]
[FICSGamesDBGameNo "20002615"]
[White "ShlomoA"]
[Black "bukarest"]
[WhiteElo "1403"]
[BlackElo "1644"]
[WhiteRD "na"]
[BlackRD "na"]
[TimeControl "180+0"]
[Date "1999.10.14"]
[Time "06:33:00"]
[WhiteClock "0:03:00.000"]
[BlackClock "0:03:00.000"]
[ECO "B00"]
[PlyCount "38"]
[Result "0-1"]

1. e4 b6 2. Nf3 Bb7 3. Qe2 e6 4. d4 c5 5. c3 cxd4 6. cxd4 Ne7 7. Nc3 g6 8. Nb5 d5 9. Ne5 Bg7 10. exd5 Bxd5 11. Bf4 O-O 12. h4 h5 13. g4 hxg4 14. Rh2 Bxe5 15. Bxe5 Bf3 16. Qe3 Nf5 17. Qf4 Nc6 18. h5 Nxe5 19. hxg6 fxg6 {White forfeits on time} 0-1

[Event "FICS rated standard game"]
[Site "FICS freechess.org"]
[FICSGamesDBGameNo "20002614"]
[White "twinkle"]
[Black "forsslund"]
[WhiteElo "1851"]
[BlackElo "1972"]
[WhiteRD "na"]
[BlackRD "na"]
[TimeControl "120+20"]
[Date "1999.10.14"]
[Time "04:22:00"]
[WhiteClock "0:02:00.000"]
[BlackClock "0:02:00.000"]
[ECO "A53"]
[PlyCount "21"]
[Result "0-1"]

1. d4 d6 2. c4 Nf6 3. Nf3 Bg4 4. e3 Nbd7 5. Be2 e5 6. dxe5 dxe5 7. O-O Bd6 8. Nc3 e4 9. Nd4 Bxe2 10. Qxe2 h5 11. b3 {White resigns} 0-1

[Event "FICS rated blitz game"]
[Site "FICS freechess.org"]
[FICSGamesDBGameNo "20002613"]
[White "firstbjb"]
[Black "Yashuwa"]
[WhiteElo "1524"]
[BlackElo "1629"]
[WhiteRD "na"]
[BlackRD "na"]
[TimeControl "300+0"]
[Date "1999.10.14"]
[Time "03:54:00"]
[WhiteClock "0:05:00.000"]
[BlackClock "0:05:00.000"]
[ECO "A41"]
[PlyCount "82"]
[Result "0-1"]

1. d4 d6 2. e3 Nf6 3. Bd3 g6 4. f4 Bg7 5. Nf3 Bg4 6. O-O O-O 7. c3 c6 8. Qb3 Qc7 9. h3 Bxf3 10. Rxf3 Nbd7 11. Nd2 e5 12. fxe5 dxe5 13. Ne4 Nxe4 14. Bxe4 Nf6 15. Bc2 e4 16. Rf2 Rae8 17. Bd2 Nh5 18. Raf1 Ng3 19. Re1 Kh8 20. c4 f5 21. Bb4 Rf7 22. d5 cxd5 23. cxd5 Rd7 24. Rd1 Qb6 25. Qa3 Rc8 26. Ba4 Rf7 27. d6 a5 28. Bc3 Rd8 29. Bxg7+ Kxg7 30. Bb3 Rfd7 31. Bc4 Rxd6 32. Rxd6 Rxd6 33. Qc3+ Kh6 34. Qe5 Rd1+ 35. Kh2 Qxe3 36. Qxg3 Rh1+ 37. Kxh1 Qxg3 38. Rc2 e3 39. Be2 Qf2 40. Kh2 f4 41. a3 Qg3+ {White forfeits on time} 0-1

[Event "FICS rated blitz game"]
[Site "FICS freechess.org"]
[FICSGamesDBGameNo "20002612"]
[White "firstbjb"]
[Black "pacovsky"]
[WhiteElo "1514"]
[BlackElo "1600"]
[WhiteRD "na"]
[BlackRD "na"]
[TimeControl "300+0"]
[Date "1999.10.14"]
[Time "03:42:00"]
[WhiteClock "0:05:00.000"]
[BlackClock "0:05:00.000"]
[ECO "A45"]
[PlyCount "43"]
[Result "1-0"]

1. d4 e6 2. e3 Nf6 3. Bd3 d5 4. Nd2 Nc6 5. f4 Nb4 6. Ngf3 Nxd3+ 7. cxd3 Nd7 8. O-O Bd6 9. Ne5 Bxe5 10. fxe5 O-O 11. Qh5 Qe8 12. Qh4 f6 13. Nf3 fxe5 14. dxe5 Nc5 15. d4 Ne4 16. Ng5 Rxf1+ 17. Kxf1 Nxg5 18. Qxg5 b6 19. Bd2 Qf7+ 20. Kg1 c5 21. Rf1 Qg6 22. Qd8+ {Black resigns} 1-0

[Event "FICS rated blitz game"]
[Site "FICS freechess.org"]
[FICSGamesDBGameNo "20002611"]
[White "TWG"]
[Black "DeanP"]
[WhiteElo "1209"]
[BlackElo "1244"]
[WhiteRD "na"]
[BlackRD "na"]
[TimeControl "300+10"]
[Date "1999.10.14"]
[Time "03:08:00"]
[WhiteClock "0:05:00.000"]
[BlackClock "0:05:00.000"]
[ECO "B01"]
[PlyCount "124"]
[Result "1/2-1/2"]

1. e4 d5 2. e5 c5 3. d4 cxd4 4. Qxd4 Bd7 5. Nc3 Nc6 6. Qxd5 e6 7. Qd3 Nxe5 8. Qe4 Qc7 9. Bf4 Bd6 10. O-O-O Nf6 11. Qe1 Nd3+ 12. Rxd3 Bxf4+ 13. Kb1 O-O 14. g3 Bd6 15. Rd1 Bc6 16. f3 Rfd8 17. Qe2 a6 18. h4 Nd5 19. Nxd5 Bxd5 20. Bg2 Qa5 21. a3 Qb6 22. Nh3 Bxa3 23. b3 Qb4 24. Nf4 Qc3 25. Nd3 Rd6 26. Ka2 Qa5 27. Kb1 Rb6 28. Qe1 Bb4 29. Nxb4 Rxb4 30. Rxd5 exd5 31. f4 Rc8 32. Bxd5 Qxd5 33. Qxb4 Qxh1+ 34. Kb2 b5 35. Qa5 Qc6 36. c3 Qg2+ 37. Ka3 Qxg3 38. Qxa6 Qh3 39. Kb4 Rb8 40. Qa7 Qc8 41. h5 h6 42. f5 g6 43. fxg6 Qf8+ 44. Ka5 Ra8 45. gxf7+ Kh8 46. Qxa8 Qxa8+ 47. Kb4 Kg7 48. f8=Q+ Qxf8+ 49. Kxb5 Qf5+ 50. Ka4 Qxh5 51. b4 Qe8+ 52. b5 h5 53. c4 h4 54. Ka5 h3 55. b6 h2 56. b7 h1=Q 57. Ka6 Qa1+ 58. Kb6 Qd8+ 59. Kc6 Qa4+ 60. Kc5 Qa7+ 61. Kc6 Qa6+ 62. Kc5 Qxb7 {Game drawn by stalemate} 1/2-1/2

[Event "FICS rated lightning game"]
[Site "FICS freechess.org"]
[FICSGamesDBGameNo "20002610"]
[White "checkmateJIM"]
[Black "trelling"]
[WhiteElo "1789"]
[BlackElo "1659"]
[WhiteRD "na"]
[BlackRD "na"]
[TimeControl "60+0"]
[Date "1999.10.14"]
[Time "03:00:00"]
[WhiteClock "0:01:00.000"]
[BlackClock "0:01:00.000"]
[ECO "B02"]
[PlyCount "41"]
[Result "0-1"]

1. e4 Nf6 2. f4 d5 3. e5 Nfd7 4. d4 e6 5. c3 c5 6. Nf3 Nc6 7. Bd3 Qb6 8. O-O cxd4 9. Kh1 dxc3 10. Nxc3 Be7 11. f5 O-O 12. fxe6 fxe6 13. Qc2 g6 14. Bxg6 Ndxe5 15. Bxh7+ Kg7 16. Bd2 Nb4 17. Qd1 Nbd3 18. Nxe5 Nf2+ 19. Rxf2 Qxf2 20. Qg4+ Bg5 21. Qxg5+ {White forfeits on time} 0-1

[Event "FICS rated blitz game"]
[Site "FICS freechess.org"]
[FICSGamesDBGameNo "20002609"]
[White "igrulya"]
[Black "pavlik"]
[WhiteElo "1851"]
[BlackElo "1962"]
[WhiteRD "na"]
[BlackRD "na"]
[TimeControl "180+0"]
[Date "1999.10.14"]
[Time "01:57:00"]
[WhiteClock "0:03:00.000"]
[BlackClock "0:03:00.000"]
[ECO "D02"]
[PlyCount "99"]
[Result "1-0"]

1. d4 d5 2. Nf3 Nc6 3. e3 Bg4 4. Be2 e6 5. c4 Bb4+ 6. Bd2 Bxd2+ 7. Nbxd2 Nge7 8. O-O O-O 9. Qb3 Rb8 10. Rac1 a6 11. Rfd1 Bh5 12. Nf1 Bg6 13. Ng3 Na5 14. Qc3 Nxc4 15. b3 Nd6 16. Qxc7 Rc8 17. Qxd8 Rfxd8 18. Ne5 f6 19. Nxg6 hxg6 20. Kf1 Rc6 21. Rxc6 Nxc6 22. Rc1 Rc8 23. Bd3 g5 24. Ke1 Nb4 25. Rxc8+ Nxc8 26. Bb1 Nd6 27. Kd2 a5 28. a3 Nc6 29. Kc3 b6 30. Bd3 Kf7 31. h3 Ke7 32. b4 Kd7 33. Nh5 Ne8 34. bxa5 bxa5 35. Kb3 Kc7 36. Ka4 Kb6 37. Bb5 Nd6 38. Bxc6 Kxc6 39. Nxg7 Ne4 40. f3 Nc3+ 41. Kxa5 Nd1 42. e4 dxe4 43. fxe4 Nc3 44. Nxe6 Nxe4 45. Kb4 Kd5 46. Nc5 Nd6 47. Nb3 f5 48. a4 Ke4 49. a5 Nc8 50. Kc5 {Black forfeits on time} 1-0

[Event "FICS rated lightning game"]
[Site "FICS freechess.org"]
[FICSGamesDBGameNo "20002607"]
[White "Lomboc"]
[Black "gachette"]
[WhiteElo "1942"]
[BlackElo "2113"]
[WhiteRD "na"]
[BlackRD "na"]
[TimeControl "60+0"]
[Date "1999.10.14"]
[Time "00:58:00"]
[WhiteClock "0:01:00.000"]
[BlackClock "0:01:00.000"]
[ECO "C20"]
[PlyCount "72"]
[Result "0-1"]

1. e4 e5 2. b3 Nc6 3. Bb2 Nf6 4. Nc3 Bc5 5. Nf3 d6 6. Bc4 a6 7. d3 h6 8. Qd2 O-O 9. O-O-O b5 10. Bd5 Nxd5 11. Nxd5 Nd4 12. Nxd4 Bxd4 13. Bxd4 exd4 14. Kb2 a5 15. c3 c6 16. Nf4 Qf6 17. g3 a4 18. b4 c5 19. a3 Be6 20. Rhe1 Bb3 21. cxd4 Bxd1 22. Rxd1 Qxd4+ 23. Ka2 cxb4 24. Qxb4 Qxb4 25. axb4 Rfc8 26. d4 Rc2+ 27. Ka3 Rxf2 28. Nd5 Rf3+ 29. Ka2 Rc8 30. e5 Rc2+ 31. Kb1 dxe5 32. dxe5 Rxh2 33. Ne7+ Kh7 34. e6 fxe6 35. Nc6 Rxg3 36. Ne5 Rb3+ {White forfeits on time} 0-1

[Event "FICS rated blitz game"]
[Site "FICS freechess.org"]
[FICSGamesDBGameNo "20002606"]
[White "Crashed"]
[Black "Chadly"]
[WhiteElo "1353"]
[BlackElo "1258"]
[WhiteRD "na"]
[BlackRD "na"]
[TimeControl "240+12"]
[Date "1999.10.13"]
[Time "22:28:00"]
[WhiteClock "0:04:00.000"]
[BlackClock "0:04:00.000"]
[ECO "C65"]
[PlyCount "74"]
[Result "0-1"]

1. e4 e5 2. Nf3 Nc6 3. Bb5 Nf6 4. d3 Be7 5. c3 O-O 6. O-O a6 7. Bxc6 dxc6 8. Nxe5 Bd6 9. Nf3 Bg4 10. Nbd2 Bf4 11. Qc2 Bxd2 12. Nxd2 Be2 13. Re1 Bxd3 14. Qb3 Qe7 15. Nf3 Qe6 16. Qxe6 fxe6 17. Nd4 Nxe4 18. f3 Nc5 19. b4 Na4 20. Nxe6 Rfe8 21. Bd2 Rac8 22. Re5 Nb2 23. Re3 Bf5 24. Nc5 Rxe3 25. Bxe3 Nc4 26. Bf4 b6 27. Nxa6 Nd6 28. c4 Nxc4 29. Nxc7 Nb2 30. Na6 Nd3 31. Bg3 c5 32. bxc5 bxc5 33. a3 c4 34. Nb4 c3 35. Nc2 Nc5 36. Be5 Bxc2 37. Bxc3 Nb3 {White resigns} 0-1

[Event "FICS rated blitz game"]
[Site "FICS freechess.org"]
[FICSGamesDBGameNo "20002605"]
[White "nogg"]
[Black "sexygrl"]
[WhiteElo "1212"]
[BlackElo "1262"]
[WhiteRD "na"]
[BlackRD "na"]
[TimeControl "600+5"]
[Date "1999.10.13"]
[Time "21:51:00"]
[WhiteClock "0:10:00.000"]
[BlackClock "0:10:00.000"]
[ECO "C68"]
[PlyCount "37"]
[Result "1-0"]

1. e4 e5 2. Nf3 Nc6 3. Bb5 a6 4. Bxc6 dxc6 5. c4 Bg4 6. Nc3 Bc5 7. O-O Nf6 8. Qe1 Bxf3 9. gxf3 Nh5 10. Kh1 Nf4 11. Rg1 O-O 12. Qf1 Qh4 13. Rg3 Bxf2 14. Qxf2 Nh3 15. Rxg7+ Kxg7 16. Qxh4 Nf4 17. Qg5+ Kh8 18. Qxe5+ f6 19. Qxf4 {Black resigns} 1-0

[Event "FICS rated lightning game"]
[Site "FICS freechess.org"]
[FICSGamesDBGameNo "20002603"]
[White "alexki"]
[Black "billt"]
[WhiteElo "1786"]
[BlackElo "1773"]
[WhiteRD "na"]
[BlackRD "na"]
[TimeControl "60+0"]
[Date "1999.10.13"]
[Time "20:42:00"]
[WhiteClock "0:01:00.000"]
[BlackClock "0:01:00.000"]
[ECO "A00"]
[PlyCount "88"]
[Result "0-1"]

1. d3 d5 2. e3 e5 3. Nc3 Nf6 4. Nf3 Nc6 5. d4 exd4 6. exd4 Bb4 7. Be3 O-O 8. a3 Ba5 9. Bd2 Bg4 10. Ne2 Bxf3 11. gxf3 Bxd2+ 12. Qxd2 a6 13. O-O-O b5 14. Rg1 b4 15. axb4 Nxb4 16. Qxb4 Rb8 17. Qc3 a5 18. Qxa5 Ra8 19. Qc3 Ra1+ 20. Kd2 Rxd1+ 21. Kxd1 Qa8 22. Qa3 Qb8 23. Nc3 Qd8 24. Bh3 Nd7 25. Nxd5 c6 26. Bxd7 Qxd7 27. Ne7+ Kh8 28. Ng6+ hxg6 29. Qxf8+ Kh7 30. Qb4 Qf5 31. Qc3 Qd7 32. Qd3 Qa7 33. Kd2 Qa5+ 34. c3 Qb6 35. h4 Qxb2+ 36. Qc2 Qb6 37. h5 Qc7 38. hxg6+ fxg6 39. Qxg6+ Kg8 40. Qe6+ Kh8 41. Qe5 Qxe5 42. dxe5 Kg8 43. e6 Kf8 44. e7+ Kxe7 {White forfeits on time} 0-1

[Event "FICS rated blitz game"]
[Site "FICS freechess.org"]
[FICSGamesDBGameNo "20002601"]
[White "Guardoz"]
[Black "Kazuhiko"]
[WhiteElo "1100"]
[BlackElo "745"]
[WhiteRD "na"]
[BlackRD "na"]
[TimeControl "120+12"]
[Date "1999.10.13"]
[Time "19:08:00"]
[WhiteClock "0:02:00.000"]
[BlackClock "0:02:00.000"]
[ECO "B07"]
[PlyCount "67"]
[Result "1-0"]

1. e4 d6 2. Nf3 Nf6 3. Nc3 g6 4. Bc4 Bg7 5. O-O O-O 6. d3 Nbd7 7. b3 Re8 8. Bb2 e5 9. Re1 a6 10. Ng5 Nxe4 11. Bxf7+ Kf8 12. Bxe8 Nxg5 13. Bxd7 Bxd7 14. Nd5 Bc6 15. c4 Qe8 16. Nxc7 Qe7 17. Nxa8 e4 18. Bxg7+ Kxg7 19. dxe4 Nxe4 20. f3 d5 21. fxe4 dxe4 22. Qd4+ Kg8 23. Nb6 h5 24. Nd5 Qe6 25. Rf1 g5 26. Qf6 Qe8 27. Qxg5+ Kh8 28. Nf6 Qf7 29. Rae1 e3 30. Rxe3 Qg7 31. Qxg7+ Kxg7 32. Nxh5+ Kh6 33. Nf6 Kg5 34. Ne4+ {Black resigns} 1-0

[Event "FICS rated blitz game"]
[Site "FICS freechess.org"]
[FICSGamesDBGameNo "20002600"]
[White "lucho"]
[Black "Nexus"]
[WhiteElo "1626"]
[BlackElo "1725"]
[WhiteRD "na"]
[BlackRD "na"]
[TimeControl "300+0"]
[Date "1999.10.13"]
[Time "18:21:00"]
[WhiteClock "0:05:00.000"]
[BlackClock "0:05:00.000"]
[ECO "B33"]
[PlyCount "57"]
[Result "1-0"]

1. e4 c5 2. Nf3 Nc6 3. d4 cxd4 4. Nxd4 Nf6 5. Nc3 e5 6. Ndb5 d6 7. Bg5 a6 8. Na3 b5 9. Nd5 Be7 10. Bxf6 Bxf6 11. c4 b4 12. Nc2 a5 13. b3 Be6 14. Nce3 Bg5 15. Be2 Nd4 16. O-O O-O 17. g3 f5 18. f4 exf4 19. gxf4 fxe4 20. Qxd4 Bh4 21. Qxe4 Bxd5 22. Qxd5+ Kh8 23. Nf5 Bf6 24. Rad1 Qb6+ 25. Kh1 Rad8 26. Rd3 Rfe8 27. Bh5 g6 28. Bxg6 hxg6 29. Rh3+ {Black resigns} 1-0

[Event "FICS rated blitz game"]
[Site "FICS freechess.org"]
[FICSGamesDBGameNo "20002599"]
[White "Sertschi"]
[Black "GeneralManager"]
[WhiteElo "1708"]
[BlackElo "1639"]
[WhiteRD "na"]
[BlackRD "na"]
[TimeControl "180+0"]
[Date "1999.10.13"]
[Time "18:13:00"]
[WhiteClock "0:03:00.000"]
[BlackClock "0:03:00.000"]
[ECO "A13"]
[PlyCount "113"]
[Result "1-0"]

1. c4 e6 2. g3 d5 3. Bg2 c6 4. cxd5 exd5 5. d4 Nf6 6. Bg5 Bd6 7. Nc3 Bg4 8. Nf3 Nbd7 9. O-O Qc7 10. Bxf6 Nxf6 11. Qc2 h5 12. h4 Qd7 13. e4 dxe4 14. Nxe4 Nxe4 15. Qxe4+ Be6 16. Ng5 O-O-O 17. Nxe6 fxe6 18. Rae1 Rde8 19. Bh3 Kc7 20. Bxe6 Qd8 21. d5 g5 22. dxc6 bxc6 23. Qc4 gxh4 24. Qxh4 Qxh4 25. gxh4 Rh6 26. Bf5 Rb8 27. Re6 Rxe6 28. Bxe6 Rxb2 29. Bb3 Rd2 30. Kg2 Rd4 31. f3 Rxh4 32. Rh1 Rxh1 33. Kxh1 Bg3 34. Kg2 h4 35. Kh3 Kd6 36. f4 Kc7 37. f5 Kd6 38. f6 Kc7 39. f7 Bd6 40. Kxh4 Bf8 41. Kg4 Kd6 42. Kf5 Kc5 43. Ke6 Kd4 44. Kd7 c5 45. Ke8 Bh6 46. f8=Q Bxf8 47. Kxf8 c4 48. Bd1 c3 49. Ke7 Kd3 50. Kd7 c2 51. Bxc2+ Kxc2 52. Kc6 a5 53. a4 Kb3 54. Kb5 Kc3 55. Kxa5 Kd4 56. Kb6 Ke4 57. a5 {Black forfeits on time} 1-0

[Event "FICS rated blitz game"]
[Site "FICS freechess.org"]
[FICSGamesDBGameNo "20002598"]
[White "kiwan"]
[Black "patmau"]
[WhiteElo "1392"]
[BlackElo "843"]
[WhiteRD "na"]
[BlackRD "na"]
[TimeControl "120+12"]
[Date "1999.10.13"]
[Time "18:03:00"]
[WhiteClock "0:02:00.000"]
[BlackClock "0:02:00.000"]
[ECO "B07"]
[PlyCount "59"]
[Result "1-0"]

1. e4 d6 2. Bc4 e6 3. Nf3 f6 4. d4 Nd7 5. O-O Ne7 6. h3 b6 7. Nc3 c5 8. d5 exd5 9. exd5 Bb7 10. Re1 Ne5 11. Nxe5 fxe5 12. Bg5 h6 13. Bxe7 Qxe7 14. f4 g6 15. Bb5+ Kf7 16. fxe5 dxe5 17. Rf1+ Kg7 18. d6 Qg5 19. Nd5 Bxd6 20. Qf3 h5 21. Qf7+ Kh6 22. Qxb7 Raf8 23. Qd7 Rxf1+ 24. Rxf1 Rd8 25. Qxa7 Be7 26. Qxb6 Rxd5 27. Qe6 Qe3+ 28. Kh2 Rd2 29. Qxe7 g5 30. Rf6# {Black checkmated} 1-0

[Event "FICS rated standard game"]
[Site "FICS freechess.org"]
[FICSGamesDBGameNo "20002597"]
[White "Diegobr"]
[Black "NIKBR"]
[WhiteElo "1773"]
[BlackElo "1460"]
[WhiteRD "na"]
[BlackRD "na"]
[TimeControl "1260+0"]
[Date "1999.10.13"]
[Time "17:58:00"]
[WhiteClock "0:21:00.000"]
[BlackClock "0:21:00.000"]
[ECO "D13"]
[PlyCount "55"]
[Result "1-0"]

1. d4 d5 2. c4 c6 3. Nc3 Nf6 4. Nf3 Bf5 5. cxd5 cxd5 6. Qb3 b6 7. Bg5 Nbd7 8. e3 e6 9. Bb5 Be7 10. Ne5 O-O 11. Nc6 Qe8 12. f3 h6 13. Bh4 g5 14. Bg3 a6 15. Nxe7+ Qxe7 16. Bc6 Rac8 17. Bb7 Rc4 18. a3 b5 19. Bxa6 Rc6 20. Bxb5 Rb6 21. O-O Rfb8 22. Bxb8 Rxb8 23. Qa4 Nb6 24. Qd1 Nc4 25. Bxc4 dxc4 26. e4 Bg6 27. Qe2 Rxb2 28. Qxb2 {Black resigns} 1-0

[Event "FICS rated blitz game"]
[Site "FICS freechess.org"]
[FICSGamesDBGameNo "20002596"]
[White "Esteban"]
[Black "emCkew"]
[WhiteElo "1715"]
[BlackElo "1451"]
[WhiteRD "na"]
[BlackRD "na"]
[TimeControl "180+0"]
[Date "1999.10.13"]
[Time "17:33:00"]
[WhiteClock "0:03:00.000"]
[BlackClock "0:03:00.000"]
[ECO "B34"]
[PlyCount "53"]
[Result "1-0"]

1. e4 c5 2. Nf3 Nc6 3. d4 cxd4 4. Nxd4 g6 5. Nc3 Bg7 6. Be3 d6 7. Be2 Nf6 8. h4 O-O 9. h5 Ne5 10. hxg6 fxg6 11. f3 a6 12. Qd2 b5 13. a3 Nc4 14. Bxc4+ bxc4 15. O-O-O Rb8 16. Nc6 Qc7 17. Nxb8 Qxb8 18. Bh6 Nh5 19. Bxg7 Nxg7 20. Qh6 Nh5 21. g4 Nf6 22. Nd5 Rf7 23. Nxf6+ exf6 24. Qf4 c3 25. bxc3 Qb5 26. Qxd6 Bb7 27. Qb4 {Black forfeits on time} 1-0

[Event "FICS rated blitz game"]
[Site "FICS freechess.org"]
[FICSGamesDBGameNo "20002595"]
[White "ahdy"]
[Black "collapsar"]
[WhiteElo "1434"]
[BlackElo "1336"]
[WhiteRD "na"]
[BlackRD "na"]
[TimeControl "300+0"]
[Date "1999.10.13"]
[Time "15:17:00"]
[WhiteClock "0:05:00.000"]
[BlackClock "0:05:00.000"]
[ECO "C20"]
[PlyCount "89"]
[Result "1-0"]

1. e4 e5 2. c3 Nf6 3. d3 d5 4. exd5 Nxd5 5. Nf3 Nc6 6. d4 e4 7. Qe2 Bf5 8. Nbd2 Qe7 9. Ng1 e3 10. fxe3 Qxe3 11. Ndf3 Qxe2+ 12. Nxe2 O-O-O 13. Nf4 Re8+ 14. Be2 Nf6 15. O-O Bd6 16. Bb5 Bxf4 17. Bxf4 Bd7 18. Ng5 Rhf8 19. Rae1 Nd5 20. Rxe8+ Bxe8 21. Nxh7 Rh8 22. Bd3 f6 23. a3 Nxf4 24. Rxf4 Kd7 25. Rh4 Ke6 26. Rg4 f5 27. Rxg7 Ne7 28. g4 Bg6 29. gxf5+ Bxf5 30. Bxf5+ Nxf5 31. Rg6+ Kf7 32. Rf6+ Kg7 33. Rxf5 Rxh7 34. Re5 Kf6 35. Kg2 Rg7+ 36. Kf3 Rh7 37. Kg3 Rg7+ 38. Kf2 Rh7 39. Kg1 Rg7+ 40. Kh1 Rg4 41. h3 Rg3 42. Kh2 Rd3 43. Re2 Kg5 44. Kg2 Kf4 45. h4 {Black forfeits on time} 1-0

[Event "FICS rated blitz game"]
[Site "FICS freechess.org"]
[FICSGamesDBGameNo "20002594"]
[White "ChrisofTrier"]
[Black "sif"]
[WhiteElo "1699"]
[BlackElo "1632"]
[WhiteRD "na"]
[BlackRD "na"]
[TimeControl "300+0"]
[Date "1999.10.13"]
[Time "15:15:00"]
[WhiteClock "0:05:00.000"]
[BlackClock "0:05:00.000"]
[ECO "C06"]
[PlyCount "87"]
[Result "0-1"]

1. e4 e6 2. d4 d5 3. Nd2 Nf6 4. e5 Nfd7 5. Bd3 c5 6. c3 Nc6 7. Ne2 f6 8. exf6 Nxf6 9. Nf3 cxd4 10. cxd4 Bd6 11. O-O O-O 12. Re1 Ne4 13. Nc3 Nxc3 14. bxc3 Qc7 15. Bg5 Bd7 16. Bh4 Rae8 17. Bg3 Bxg3 18. hxg3 e5 19. dxe5 Nxe5 20. Nxe5 Rxe5 21. Qb3 Rfe8 22. Rxe5 Qxe5 23. Rc1 Bc6 24. c4 dxc4 25. Bxc4+ Kh8 26. Qc3 Qe4 27. f3 Qg6 28. Kf2 Qd6 29. Rc2 Qc5+ 30. Kf1 Qg5 31. Kf2 Qd8 32. Kg1 Qd1+ 33. Kh2 Re1 34. g4 Rh1+ 35. Kg3 Qd6+ 36. Kf2 Qc5+ 37. Qe3 Qxe3+ 38. Kxe3 Rg1 39. Kf4 h6 40. g5 hxg5+ 41. Kxg5 Bxf3 42. Kf4 Rxg2 43. Rxg2 Bxg2 44. Bd3 {White forfeits on time} 0-1

[Event "FICS rated blitz game"]
[Site "FICS freechess.org"]
[FICSGamesDBGameNo "20002593"]
[White "vintage"]
[Black "gingerbreadman"]
[WhiteElo "1287"]
[BlackElo "1664"]
[WhiteRD "na"]
[BlackRD "na"]
[TimeControl "300+0"]
[Date "1999.10.13"]
[Time "15:11:00"]
[WhiteClock "0:05:00.000"]
[BlackClock "0:05:00.000"]
[ECO "A90"]
[PlyCount "66"]
[Result "0-1"]

1. d4 e6 2. c4 f5 3. Nc3 Nf6 4. g3 d5 5. Nf3 c6 6. b3 Bd6 7. Bg2 O-O 8. O-O Bd7 9. Rb1 Be8 10. c5 Bc7 11. b4 a6 12. a4 Bh5 13. b5 axb5 14. axb5 Qe8 15. b6 Bd8 16. Bf4 Be7 17. Qc2 Ne4 18. Nxe4 fxe4 19. Ne5 g5 20. Bd2 Bf6 21. Bc3 Bxe5 22. dxe5 Nd7 23. e3 Nxc5 24. Bb4 Nd3 25. Bxf8 Qxf8 26. Ra1 Rb8 27. Qc3 Bf3 28. Bxf3 Qxf3 29. Rfd1 Qxf2+ 30. Kh1 Qf3+ 31. Kg1 Qxe3+ 32. Kh1 Nf2+ 33. Kg2 Qxc3 {White resigns} 0-1

[Event "FICS rated blitz game"]
[Site "FICS freechess.org"]
[FICSGamesDBGameNo "20002592"]
[White "Benfica"]
[Black "walle"]
[WhiteElo "1692"]
[BlackElo "1661"]
[WhiteRD "na"]
[BlackRD "na"]
[TimeControl "180+0"]
[Date "1999.10.13"]
[Time "15:03:00"]
[WhiteClock "0:03:00.000"]
[BlackClock "0:03:00.000"]
[ECO "B53"]
[PlyCount "77"]
[Result "1-0"]

1. e4 c5 2. Nf3 d6 3. d4 cxd4 4. c3 Nf6 5. cxd4 Nxe4 6. d5 Bd7 7. Nc3 Nxc3 8. bxc3 g6 9. Bb2 Bg7 10. Rb1 Bg4 11. Be2 Nd7 12. O-O Rc8 13. Qe1 O-O 14. Qd2 Nb6 15. h3 Bxf3 16. gxf3 Qd7 17. Rfc1 Qxh3 18. Qf4 Be5 19. Qg4 Qh2+ 20. Kf1 Nc4 21. Bxc4 Rxc4 22. Qxc4 b5 23. Qg4 Rc8 24. Qg2 Qh5 25. Qg4 Qxg4 26. fxg4 h6 27. Ke2 Rc4 28. f3 Bf4 29. Rd1 Rc5 30. Rd4 Be5 31. Rd3 h5 32. gxh5 gxh5 33. Rh1 b4 34. Rxh5 bxc3 35. Rxe5 cxb2 36. Rg5+ Kf8 37. Rb3 Rc2+ 38. Kd3 Rf2 39. Rb8# {Black checkmated} 1-0

[Event "FICS rated lightning game"]
[Site "FICS freechess.org"]
[FICSGamesDBGameNo "20002591"]
[White "todzo"]
[Black "Greven"]
[WhiteElo "1766"]
[BlackElo "1594"]
[WhiteRD "na"]
[BlackRD "na"]
[TimeControl "120+0"]
[Date "1999.10.13"]
[Time "14:25:00"]
[WhiteClock "0:02:00.000"]
[BlackClock "0:02:00.000"]
[ECO "D04"]
[PlyCount "62"]
[Result "0-1"]

1. d4 d5 2. Nf3 Nf6 3. e3 c6 4. b3 Bg4 5. Bb2 e6 6. Nbd2 Bd6 7. Be2 Qc7 8. Ne5 Bxe2 9. Qxe2 Nbd7 10. f4 Ne4 11. Ndf3 O-O 12. O-O f5 13. Ng5 Bxe5 14. fxe5 Nxg5 15. c4 Ne4 16. Rac1 Qd8 17. cxd5 cxd5 18. Rc2 Rc8 19. Rfc1 Rxc2 20. Rxc2 Qg5 21. Bc1 Nb8 22. Qb5 Qe7 23. Qf1 Nc6 24. Re2 a6 25. Rc2 Nb4 26. Rb2 Rc8 27. Bd2 a5 28. Qe1 Nxd2 29. Qxd2 Qc7 30. a3 Qc1+ 31. Qxc1 Rxc1+ {White resigns} 0-1

[Event "FICS rated blitz game"]
[Site "FICS freechess.org"]
[FICSGamesDBGameNo "20002590"]
[White "Elguapo"]
[Black "civet"]
[WhiteElo "1411"]
[BlackElo "1400"]
[WhiteRD "na"]
[BlackRD "na"]
[TimeControl "120+12"]
[Date "1999.10.13"]
[Time "13:48:00"]
[WhiteClock "0:02:00.000"]
[BlackClock "0:02:00.000"]
[ECO "B13"]
[PlyCount "40"]
[Result "1/2-1/2"]

1. e4 c6 2. d4 d5 3. exd5 cxd5 4. Bd3 Nf6 5. Bf4 Nc6 6. Nf3 Bg4 7. c3 e6 8. Nbd2 Bd6 9. Bg5 Be7 10. Qa4 O-O 11. h3 Bxf3 12. Nxf3 Qb6 13. O-O Rac8 14. Qc2 a6 15. Bxf6 Bxf6 16. Bxh7+ Kh8 17. Nh4 Bxh4 18. f4 Nxd4 19. Qd1 Nf5+ 20. Kh1 Kxh7 {Game drawn by mutual agreement} 1/2-1/2